 Dungeon Crawl Stone Soup version 0.31-a0-233-g139696dc86 (webtiles) character file.

Game seed: 17011250702732176146

93 qw the Shooter (level 4, -1/26 HPs)
             Began as a Gargoyle Hexslinger on July 9, 2023.
             Slain by a phantom (4 damage)
             ... on level 4 of the Dungeon.
             The game lasted 00:00:53 (2169 turns).

qw the Shooter (Gargoyle Hexslinger)                Turns: 2169, Time: 00:00:54

Health: -1/26      AC:  9    Str: 12    XL:     4   Next: 62%
Magic:  5/5        EV: 10    Int: 13    God:
Gold:   171        SH:  0    Dex: 14    Spells: 4/5 levels left

rFire   . . .        Y - +1 sling
rCold   . . .        (no shield)
rNeg    + . .        d - +0 ring mail
rPois   inf          (no helmet)
rElec   +            (no cloak)
rCorr   .            b - +0 pair of gloves
SInv    .            (no boots)
Will    .....        (no amulet)
Stlth   +            (no ring)
HPRegen 0.24/turn    (no ring)
MPRegen 0.09/turn

%: no passive effects
@: no status effects
A: sickness immunity, AC +3, negative energy resistance 1, electricity
resistance, torment resistance 1, petrification resistance
a: no special abilities


You were on level 4 of the Dungeon.
You visited 1 branch of the dungeon, and saw 4 of its levels.

You collected 171 gold pieces.


Innate Abilities, Weirdness & Mutations

You are immune to sickness and miasma.
Your stone body is resilient. (AC +3)
You are immune to poison.
You resist negative energy. (rN+)
You are resistant to electric shocks. (rElec)
You are resistant to unholy torment.
You are immune to petrification.


   Skills:
 - Level 2.0 Fighting
 + Level 4.1 Ranged Weapons
 - Level 1.3 Armour
 - Level 1.5 Dodging
 - Level 1.0 Spellcasting
 - Level 2.6 Hexes


You had 4 spell levels left.
You knew the following spells:

 Your Spells              Type           Power      Damage    Failure   Level
a - Slow                  Hex            28%        N/A       21%         1

Your spell library contained the following spells:

 Spells                   Type           Power      Damage    Failure   Level
 Inner Flame              Hex/Fire       4%         N/A       71%         3
 Portal Projectile        Hex/Tloc       8%         N/A       71%         3
 Cause Fear               Hex            3%         N/A       90%         4

Inventory:

Hand Weapons
 Y - a +1 sling (weapon)
Armour
 b - a +0 pair of gloves (worn)
 c - the +4 ring mail of the Catamount {rPois rC+ rCorr}
   (You found it on level 4 of the Dungeon)

   rC:        It protects you from cold.
   rPois:     It protects you from poison.
   rCorr:     It protects you from acid and corrosion.
 d - a +0 ring mail (worn)
Scrolls
 a - a scroll of identify
Potions
 h - 2 potions of might
 i - a potion of mutation
 j - a potion of enlightenment {unknown}

Dungeon Overview and Level Annotations

Branches:
Dungeon (4/15)
 Temple: D:4-7

Altars:
Zin

Shops:
D:3 =


Message History

2160 ||| DRINKING potion of heal wounds.
You feel much better.
The phantom hits you but does no damage.
The iguana bites you but does no damage.
You shoot a sling bullet. The sling bullet hits the phantom.
The phantom is severely damaged.
The iguana barely misses you. The phantom closely misses you.
The iguana bites you. The phantom barely misses you.
You shoot a sling bullet.
The sling bullet hits the phantom but does no damage.
The phantom is severely damaged.
The iguana bites you but does no damage.
The phantom hits you but does no damage.
You shoot a sling bullet.
The sling bullet barely misses the phantom.
The iguana bites you. The phantom hits you.
The phantom blinks!
You blink.
The phantom closely misses you.
You shoot a sling bullet.
The sling bullet closely misses the phantom.
The phantom hits you but does no damage.
You shoot a sling bullet.
The sling bullet hits the phantom but does no damage.
The phantom is severely damaged.
The phantom hits you. The iguana barely misses you.
You shoot a sling bullet.
The sling bullet closely misses the phantom.
The iguana bites you but does no damage.
The phantom hits you but does no damage.
You shoot a sling bullet.
The sling bullet hits the phantom but does no damage.
The phantom is severely damaged.
The iguana bites you but does no damage.
The phantom barely misses you. The iguana bites you.
The phantom hits you but does no damage.
You shoot a sling bullet. The sling bullet hits the phantom.
The phantom is severely damaged.
The iguana bites you! The phantom hits you.
The phantom blinks!
You blink.
You shoot a sling bullet. The sling bullet misses the phantom.
The phantom hits you.
You die...

.%............[####..[...#
.......<.......#....######
..............)..#### . .
#..........[.....# .....
#................# .#.#
#.....#..........####...###
#.!.<.#.....>.[..##........
#####.#........ยค.##........
..#.......l@..........
#..........W.#........
...............)......
#....)......##........
............##..).....
#............#........
#.#........#.......... #
##......####........
#####.## ...###...


You could see a phantom and an iguana.

Vanquished Creatures
  3 adders
  An ufetubus (D:4)
  2 dart slugs
  3 orcs (D:3)
  3 endoplasms
  5 giant cockroaches
  8 goblins
  3 hobgoblins
  2 jackals (D:1)
  5 ball pythons
  5 bats
  6 frilled lizards
  6 kobolds
  5 rats
57 creatures vanquished.

Notes
Turn   | Place    | Note
-------+----------+-------------------------------------------
     0 | D:1      | qw the Gargoyle Hexslinger began the quest for the Orb.
     0 | D:1      | Reached XP level 1. HP: 12/12 MP: 2/2
     0 | D:1      | 0 ||| qw: Version: 0.3-a-51-g015441d
     0 | D:1      | 0 ||| qw: Game counter: 3972
     0 | D:1      | 0 ||| qw: Melee chars always use a shield: true
     0 | D:1      | 0 ||| qw: God list: Okawaru
     0 | D:1      | 0 ||| qw: Allow faded altars: false
     0 | D:1      | 0 ||| qw: Do Orc after clearing Dungeon:15 true
     0 | D:1      | 0 ||| qw: Do second Lair branch before Depths: true
     0 | D:1      | 0 ||| qw: Lair rune preference: random
     0 | D:1      | 0 ||| qw: Goals: Normal
     0 | D:1      | 0 ||| PLANNING D:1-11
   175 | D:1      | Reached XP level 2. HP: 16/16 MP: 3/3
   288 | D:1      | Reached skill level 3 in Ranged Weapons
   782 | D:1      | 782 ||| READING scroll labelled NIUTIK PITTIR.
   783 | D:1      | 783 ||| READING scroll labelled PIGOAT OTIOW.
   784 | D:1      | 784 ||| DRINKING 3 bubbling amethyst potions.
   785 | D:1      | 785 ||| DROPPING scroll of poison.
   890 | D:2      | Reached XP level 3. HP: 21/21 MP: 4/4
  1319 | D:2      | 1319 ||| UPGRADING to +0 ring mail.
  1329 | D:2      | 1329 ||| DROPPING +0 robe.
  1330 | D:2      | 1330 ||| READING scroll labelled XOCOGH CUPEFO.
  1331 | D:2      | 1331 ||| READING scroll labelled MUCZOLISEA.
  1332 | D:2      | 1332 ||| READING 4 scrolls of identify.
  1332 | D:2      | 1332 ||| IDENTIFYING metallic orange potion
  1333 | D:2      | 1333 ||| READING 3 scrolls of identify.
  1333 | D:2      | 1333 ||| IDENTIFYING white potion
  1334 | D:2      | 1334 ||| READING 2 scrolls of identify.
  1334 | D:2      | 1334 ||| IDENTIFYING clear potion
  1335 | D:2      | 1335 ||| DROPPING potion of magic.
  1405 | D:3      | Found a glowing silver altar of Zin.
  1536 | D:3      | Reached XP level 4. HP: 26/26 MP: 5/5
  1604 | D:3      | Found Luraipt's Jewellery Emporium.
  1608 | D:3      | 1608 ||| SHOPLISTING +4 ring of protection (396 gold, have
                  | 161).
  1608 | D:3      | 1608 ||| SHOPLISTING +5 ring of evasion (396 gold, have
                  | 161).
  1608 | D:3      | 1608 ||| SHOPLISTING amulet of reflection (330 gold, have
                  | 161).
  1608 | D:3      | 1608 ||| SHOPLISTING ring of ice (275 gold, have 161).
  1608 | D:3      | 1608 ||| SHOPLISTING ring of see invisible (165 gold, have
                  | 161).
  2044 | D:3      | 2044 ||| UPGRADING to +0 pair of gloves.
  2089 | D:4      | Reached skill level 1 in Armour
  2104 | D:4      | Reached skill level 4 in Ranged Weapons
  2119 | D:4      | Identified the +4 ring mail of the Catamount {rPois rC+
                  | rCorr}
  2138 | D:4      | Noticed a phantom
  2152 | D:4      | HP: 2/26 [iguana (6)]
  2153 | D:4      | 2153 ||| DRINKING 2 potions of heal wounds.
  2159 | D:4      | HP: 6/26 [iguana (9)]
  2160 | D:4      | 2160 ||| DRINKING potion of heal wounds.
  2168 | D:4      | HP: 4/26 [iguana (7)]
  2169 | D:4      | Slain by a phantom

Levels and vault maps discovered:
D:1:      amcnicky_arrival_double_pillar, layout_loops_cross,
          wander_ebering_terrifying_dragon_lair
D:2:      layout_rooms
D:3:      layout_basic, mainiacjoe_overflow_tiny_flanked, serial_shops,
          nicolae_shop_back_alley_shop
D:4:      layout_rooms, grunt_decor_fettered, minmay_mini_ossuary

Skill      XL: |  1  2  3  4 |
---------------+-------------+-----
Ranged Weapons | 3 4 |  4.1
Fighting       | 2 |  2.0
Armour         | 1 |  1.3
Dodging        | |  1.5
Spellcasting   | |  1.0
Hexes          | |  2.6

Action                     |  1- 3 |  4- 6 || total
---------------------------+-------+-------++-------
   Fire: Sling             |   140 |    69 ||   209
    Use: Scroll            |     7 |       ||     7
         Potion            |     1 |     2 ||     3
 Armour: Robe              |    11 |       ||    11
         Ring mail         |    11 |    29 ||    40
  Dodge: Dodged            |    39 |    25 ||    64

Table legend:
 A = Non-vault XP
 B = Vault XP
 C = Vault XP percentage of total XP
 D = Non-vault monster count
 E = Vault monster count
 F = Vault count percentage of total count
                 A         B        C        D         E       F
            +---------+---------+-------+---------+---------+-------
      Total |     133 |       1 |   0.7 |      56 |       1 |   1.8
            +---------+---------+-------+---------+---------+-------
        D:1 |      25 |       1 |   3.8 |      16 |       1 |   5.9
        D:2 |      40 |       0 |   0.0 |      18 |       0 |   0.0
        D:3 |      25 |       0 |   0.0 |      14 |       0 |   0.0
        D:4 |      43 |       0 |   0.0 |       8 |       0 |   0.0
            +---------+---------+-------+---------+---------+-------
